[Event "DSOL-KO 2022"]
[Site "Germany"]
[Date "2022.05.10"]
[Round "2"]
[White "Hannaske, Arno"]
[Black "Lehmann, Alexander"]
[Result "1/2-1/2"]
[ECO "D79"]
[WhiteElo "2112"]
[BlackElo "1940"]
[Annotator "TA"]
[PlyCount "67"]
[EventDate "2022.01.31"]
[EventType "team-tourn"]
[EventCountry "GER"]
[SourceTitle "playchess.com"]
[Source "ChessBase"]
[SourceQuality "1"]
[WhiteTeam "SV Horrem"]
[BlackTeam "Lok Raw Cottbus"]
[TimeControl "2700+15"]

1. d4 Nf6 2. Nf3 g6 3. g3 Bg7 4. Bg2 d5 5. O-O O-O 6. c4 c6 7. cxd5 cxd5 8. Nc3 Ne4 9. Qb3 Nc6 10. Rd1 Na5 11. Qb4 {D79: Fianchetto Grünfeld: Symmetrical Variation (6 0-0 c6 7 cxd5 cxd5).} Bf5 12. Bf4 Nxc3 13. bxc3 (13. Qxc3 $5 Rc8 14. Qb4 $11) 13... Be4 {[#]} 14. Nd2 $146 ({Predecessor:} 14. Ne5 Bxg2 15. Kxg2 Rc8 16. Rac1 b6 17. Qb5 e6 18. h4 f6 {1-0 (46) Beckmann,F (2146)-Kretschmann,T (2100) Germany 2004}) 14... Bxg2 15. Kxg2 Rc8 (15... b6 $11 {feels stronger.}) 16. Nb3 $1 $14 b6 17. Nxa5 bxa5 18. Qb7 Rxc3 19. Qxa7 Qa8 (19... Rc2 $11) 20. Qb6 (20. Qxe7 $16 Rc2 21. e3) 20... a4 21. Rab1 Rfc8 22. Rd2 Bf8 23. Rb5 R3c6 24. Qa5 {[%mdl 8192] [#]} (24. Qb7 $11) 24... Ra6 $1 $19 25. Qb4 e6 $2 (25... e5 $1 $19 26. Qb1 exf4 27. gxf4 Rac6) 26. Qb2 Rac6 27. h4 h5 28. Qb1 Rc1 29. Qb2 a3 30. Qb3 R1c3 31. Qb1 Rc1 32. Qb3 R1c3 33. Qb1 Rc1 (33... Qa4 $5 ) 34. Qb3 $1 {Weighted Error Value: White=0.46/Black=0.37} 1/2-1/2

[Event "DSOL-KO 2022"]
[Site "Germany"]
[Date "2022.05.12"]
[Round "2"]
[White "Herbst, Bernhard"]
[Black "Maisuradze, Daviti"]
[Result "0-1"]
[ECO "B32"]
[WhiteElo "2051"]
[BlackElo "1643"]
[Annotator "TA"]
[PlyCount "72"]
[EventDate "2022.01.31"]
[EventType "team-tourn"]
[EventCountry "GER"]
[SourceTitle "playchess.com"]
[Source "ChessBase"]
[SourceQuality "1"]
[WhiteTeam "Vohwinkeler SC"]
[BlackTeam "Hamburger SK V"]
[TimeControl "2700+15"]

1. e4 c5 2. Nf3 Nc6 3. d4 cxd4 4. Nxd4 Nf6 5. Nc3 e5 6. Ndb5 a6 7. Nd6+ Bxd6 8. Qxd6 Qe7 9. Qd1 O-O {B32: Sicilian: Löwenthal and Kalashnikov Variations.} 10. Be2 (10. Bg5 $5 Qe6 11. f3 $14) 10... h6 11. Be3 d6 {White is slightly better.} 12. O-O Be6 13. f3 {[#]} (13. Qd2 $14) 13... Rfd8 $146 (13... b5 $11) ({Predecessor:} 13... b5 14. a3 Rac8 15. Qd2 Rfd8 16. Rae1 d5 17. exd5 Nxd5 18. Nxd5 Rxd5 19. Bd3 Bf5 {½-½ (68) Barsciauskas,G (1837)-Gurevicius,A Vilnius 2012}) 14. Qe1 ({White should play} 14. Bb6 $14) 14... d5 $11 {Threatens to win with ...d4.} 15. exd5 Nxd5 16. Nxd5 Rxd5 17. c3 b5 18. a4 b4 19. c4 (19. Qf2 {feels hotter.} Na5 20. f4 exf4 21. Qxf4 bxc3 22. bxc3 Rc8 23. Rab1) 19... Rd7 20. a5 (20. Bb6 $11) 20... Nd4 $15 21. Bxd4 Rxd4 22. b3 Qc5 23. Qf2 Rad8 24. Rfd1 Rxd1+ 25. Bxd1 Rd4 {0x0.000a7a39d007dp-1022s more active pieces.} 26. Bc2 Qd6 27. Rc1 Qc7 28. f4 ({White should try} 28. Ra1 $15) 28... Qxa5 $19 ({Worse is} 28... Rxf4 29. Qb6 Qc8 30. Re1 $11) 29. fxe5 Qxe5 (29... Qd8 $1 $19 {...a5 is the strong threat.} 30. Qf1 Rd2) 30. Re1 $17 {[#]} Qd6 31. Qf3 (31. Ra1 $142) 31... Qb6 $36 {[%mdl 2048] Hoping for ...Rxc4+. Black is on the roll.} 32. Qf2 {[#]} (32. Qe3 $17 {was worth a try.}) 32... Qd8 $1 $19 {Strongly threatening ...Rd2.} 33. Qe2 (33. Re2 $142) 33... a5 {And now ...Rd2 would win.} 34. Rd1 $2 (34. Qe5) 34... Rxd1+ 35. Bxd1 $2 (35. Qxd1 Qg5 36. Qe2) 35... Qd4+ 36. Qf2 (36. Kh1 $19 a4 37. bxa4 Bxc4 38. Qe1) 36... Qxd1+ {Weighted Error Value: White=0.65/Black=0.19 (very precise)} 0-1

[Event "DSOL-KO 2022"]
[Site "Germany"]
[Date "2022.05.10"]
[Round "2"]
[White "Bernstengel, Aaron"]
[Black "Mader, Lena"]
[Result "1-0"]
[ECO "B15"]
[WhiteElo "2050"]
[BlackElo "1832"]
[Annotator "TA"]
[PlyCount "63"]
[EventDate "2022.01.31"]
[EventType "team-tourn"]
[EventCountry "GER"]
[SourceTitle "playchess.com"]
[Source "ChessBase"]
[SourceQuality "1"]
[WhiteTeam "SC Diogenes II"]
[BlackTeam "SF Birkenfeld II"]
[TimeControl "2700+15"]

1. e4 c6 2. Nf3 d5 3. Nc3 dxe4 4. Nxe4 Nf6 5. Nxf6+ exf6 6. d4 Bd6 7. Bd3 {7.Bd3 scores better than 7.Be2.} O-O 8. O-O Re8 9. c4 {B15: Caro-Kann: 3 Nc3: 3...g6 and 3...dxe4 4 Nxe4 Nf6 5 Nxf6+ exf6.} Nd7 10. Be3 Nf8 {[#]} 11. Qb3 $146 {The position is equal.} ({Predecessor:} 11. h3 Ng6 12. Qd2 Be6 13. Rac1 Qd7 14. Rfd1 Bxh3 15. Bf1 Bg4 16. c5 Bxf3 17. gxf3 {0-1 (27) Nastore,P (2242)-Palchuk,A (2188) Chess.com INT 2021}) 11... Bg4 12. Nd2 (12. Qxb7 $6 Rc8 $16) 12... f5 {aiming for ...f4.} 13. h3 (13. c5 $11 Bb8 14. Bc4 (14. Qxb7 f4 $17)) 13... Qh4 14. c5 {[#]} (14. Qxb7 $6 Bxh3 15. Qxc6 Rad8 16. gxh3 (16. c5 f4 $14) 16... Qxh3 $14) 14... Bb8 15. Qxb7 $11 Bxh3 $1 16. Rfe1 {And now Bc4 would win. Active counter play!} (16. Qxa8 Bxg2 $1 17. f4 Rxe3) (16. gxh3 $2 Qxh3 $1 17. Qxb8 Raxb8 $19) (16. Qxc6 $2 Re6 17. Qxa8 Bxg2 $1 18. Qxg2 Rg6 $19) 16... Bxg2 17. Kxg2 $40 {[%cal Bg1g2,Bg2f1,Bf1g2][%mdl 160] White attacks with force. The board is on fire.} Qg4+ 18. Kf1 Bh2 $2 {A mistake that costs the game.} (18... Qh3+ $16 19. Ke2 (19. Kg1 {leads to mate.} Bh2+ 20. Kh1 Bg3+ 21. Kg1 Qh2+ 22. Kf1 Rxe3) 19... Qg4+ 20. Nf3 Ne6 21. Qxa8 (21. Kd2 Qxf3 22. Qxa8 f4 $16) 21... f4) 19. Qxc6 $18 ({Wrong is} 19. f3 $2 Qh3+ 20. Ke2 {[#]} Rxe3+ $1 21. Kd1 (21. Kxe3 {is a self mate.} Bf4+ 22. Kxf4 Qh2+ 23. Ke3 f4+ 24. Ke4 Re8+) 21... Rxd3 $1 $19) 19... f4 20. Qg2 Qxg2+ 21. Kxg2 {[%mdl 64] Trapped Piece} fxe3 22. Rxe3 Bf4 23. Rxe8 Rxe8 24. Nf3 Ne6 25. b4 Rd8 26. Rd1 Kf8 27. Bxh7 g6 28. d5 Kg7 $2 {[#]} (28... Ke7 29. Nd4 Nxd4 30. Rxd4 Be5) 29. dxe6 $1 Rxd1 (29... Rf8 30. Nd4) 30. e7 Kxh7 31. e8=Q Kg7 32. c6 {Weighted Error Value: White=0.13 (very precise) /Black=0.49} 1-0

[Event "DSOL-KO 2022"]
[Site "Germany"]
[Date "2022.05.12"]
[Round "2"]
[White "Kurch, Sebastian"]
[Black "Lohmann, Tobias"]
[Result "1/2-1/2"]
[ECO "A25"]
[WhiteElo "2041"]
[BlackElo "1673"]
[Annotator "TA"]
[PlyCount "52"]
[EventDate "2022.01.31"]
[EventType "team-tourn"]
[EventCountry "GER"]
[SourceTitle "playchess.com"]
[Source "ChessBase"]
[SourceQuality "1"]
[WhiteTeam "Hamburger SK V"]
[BlackTeam "Vohwinkeler SC"]
[TimeControl "2700+15"]

1. c4 e5 2. Nc3 Nc6 3. g3 Nf6 4. Bg2 Bc5 5. e3 O-O 6. Nge2 Re8 7. O-O e4 (7... d6) (7... Bb6 $14) 8. a3 {A25: English Opening vs King's Indian with ...Nc6 but without early d3.} (8. Nf4 $16) 8... a5 (8... d6 $14) 9. d4 (9. Qc2 $16) 9... exd3 $1 $11 10. Qxd3 Ne5 11. Qc2 d6 (11... Nxc4 $2 12. Nd5 $18 (12. Na4 Nxe3 13. fxe3 Bxe3+ 14. Bxe3 Rxe3 $16)) 12. b3 {[#]} Rb8 $146 ({Predecessor:} 12... c6 13. h3 Bd7 14. Bd2 Qc8 15. Kh2 Bf5 16. e4 Bd7 17. f4 Ng6 18. Na4 Ba7 19. Bxa5 {1-0 (50) Stark,L (2381)-Omariev,M (2304) Chess.com INT 2021}) 13. Nd4 Bg4 14. h3 (14. f4 $5 Bxd4 15. exd4 $14) 14... Bh5 (14... Bxd4 15. exd4 Nf3+ 16. Bxf3 Bxf3) (14... Bxd4 $11 {remains equal.} 15. exd4 Nf3+ 16. Bxf3 Bxf3) 15. Bb2 (15. f4) (15. f4 $16) 15... Bxd4 16. exd4 Nf3+ 17. Bxf3 Bxf3 18. Qd3 Bh5 ({Black should play} 18... Be4 $11 19. Nxe4 Nxe4) 19. Rae1 ({White should try} 19. f4 $1 $14) 19... Qd7 20. g4 Bg6 21. Qd2 Nxg4 22. hxg4 {[#] f3 is the strong threat. The position is equal.} Qxg4+ 23. Kh2 Qh4+ 24. Kg1 Qg4+ 25. Kh2 {Threatens to win with f3.} Qh4+ 26. Kg1 Qg4+ {Weighted Error Value: White=0.30/Black=0.27 (precise)} 1/2-1/2

[Event "DSOL-KO 2022"]
[Site "Germany"]
[Date "2022.05.12"]
[Round "2"]
[White "Kramer, Melik Kurt"]
[Black "Hagenbach, Udo"]
[Result "1-0"]
[ECO "A45"]
[WhiteElo "2008"]
[BlackElo "1809"]
[Annotator "TA"]
[PlyCount "81"]
[EventDate "2022.01.31"]
[EventType "team-tourn"]
[EventCountry "GER"]
[SourceTitle "playchess.com"]
[Source "ChessBase"]
[SourceQuality "1"]
[WhiteTeam "SU Ebersberg-Grafing"]
[BlackTeam "SV Bergwinkel I"]
[TimeControl "2700+15"]

1. d4 Nf6 2. Bf4 g6 3. Nc3 d5 4. e3 Bg7 5. h4 b6 (5... c6 $11) 6. Nf3 {A45: Trompowsky Attack.} h5 7. Ne5 {[#]} c6 $146 {Inhibits Bb5.} ({Predecessor:} 7... O-O 8. f3 c5 9. Qd2 cxd4 10. exd4 Bb7 11. O-O-O Nc6 12. g4 Rc8 13. Kb1 Kh7 {0-1 (39) Bruned,B (2133)-Langner,L (2380) Chess.com INT 2021}) 8. Qd2 {White is slightly better.} Nfd7 9. Nd3 Ba6 ({Black should try} 9... a5 $11) 10. O-O-O $14 Bxd3 11. Bxd3 e5 ({Better is} 11... b5 $14) 12. dxe5 Nxe5 13. Be2 Qe7 (13... b5) (13... O-O $16) 14. e4 $18 Nc4 15. Bxc4 dxc4 16. Bd6 Qe6 17. e5 {Hoping for Qe3.} Nd7 18. f4 O-O-O 19. Qe3 {[%cal Oc3b5] aiming for Nb5!} Kb7 (19... Bh6 {is a better defense.}) 20. Rhe1 Rhe8 (20... f6 $142 21. exf6 Qxe3+ 22. Rxe3 Nxf6) 21. Ne4 f6 22. Ba3 $2 (22. Bb4 $18 {Threatens to win with Nd6+.} Kb8 23. Nd6) 22... Kc7 $16 23. Nd6 Rg8 24. Ne4 $2 (24. exf6 $18 Qxe3+ 25. Rxe3 Bxf6 26. g3 (26. Nxc4 c5 $16)) 24... fxe5 $2 (24... Rge8 $1 $11) 25. Bd6+ Kb7 {[#]} 26. Qa3 {0x0.002ae6f5d39cdp-1022s more active pieces.} ({White should play} 26. Ng5 $1 $16 Qg4 27. fxe5) 26... Qf5 (26... Nf6 $1 $14) 27. Bxe5 $2 (27. Be7 $18 {is the precise move to win. Black must now prevent Nd6+.} Qe6 28. Ng5) 27... Bxe5 (27... Bf8 $16 28. Qd6 Bxd6 29. Nxd6+ Kc7 30. Nxf5+ Nxe5) 28. fxe5 $18 {Nd6+ is the strong threat.} Qf4+ 29. Kb1 Qxh4 (29... Nc5) 30. Nd6+ $2 (30. e6 Nc5 31. Nxc5+ bxc5 $16) (30. g3 Qh3 31. e6) 30... Kb8 (30... Ka8 $142 31. Qf3 Nc5) 31. Qf3 ({Stronger than} 31. Qa6 Nc5 32. Qxc4 Qxc4 33. Nxc4 Rxd1+ 34. Rxd1 Kc7 $15) (31. Nf7 $142 Nc5 32. Nxd8 Rxd8 33. Qf3) 31... Kc7 $2 (31... Nc5 32. Qxc6 Qg4) 32. Qa3 Kb8 33. Qf3 $40 {[%mdl 128] White is up to no good.} ({And not} 33. Qa6 Nc5 34. Qxc4 Qxc4 35. Nxc4 Rxd1+ 36. Rxd1 Kc7 $11) (33. Nf7 $142 Nc5 34. Nxd8 Rxd8 35. Qf3) 33... Kc7 $1 34. e6 {Strongly threatening e7.} Nf6 35. Qa3 a5 36. Nf7 {Intending Qe7+ and mate.} Rxd1+ 37. Rxd1 {White threatens Qe7+ and mate.} Nd5 {Prevents Qe7+.} 38. Qd6+ {[%mdl 64] [#] Deflection} Kc8 39. Qxc6+ {White mates.} Nc7 40. Nd6+ Kd8 41. Nf5+ {Weighted Error Value: White=0.84/Black=0.59} 1-0

[Event "DSOL-KO 2022"]
[Site "Germany"]
[Date "2022.05.12"]
[Round "2"]
[White "Leidorf, Sebastian"]
[Black "Maksimovic, Marko"]
[Result "1/2-1/2"]
[ECO "A10"]
[WhiteElo "2006"]
[BlackElo "1770"]
[Annotator "TA"]
[PlyCount "150"]
[EventDate "2022.01.31"]
[EventType "team-tourn"]
[EventCountry "GER"]
[SourceTitle "playchess.com"]
[Source "ChessBase"]
[SourceQuality "1"]
[WhiteTeam "SV Bergwinkel I"]
[BlackTeam "SU Ebersberg-Grafing"]
[TimeControl "2700+15"]

1. c4 e6 2. g3 f5 3. Bg2 Nf6 4. Nc3 Be7 5. d3 O-O 6. Nf3 Nc6 7. O-O d6 8. e4 {A10: English Opening: Unusual Replies for Black.} e5 9. h3 a5 {[#]} 10. Be3 $146 {White has an edge.} ({Predecessor:} 10. exf5 Bxf5 11. Ng5 h6 12. Nge4 Qd7 13. Kh2 Be6 14. b3 Nd4 15. Be3 c6 16. f4 {1-0 (44) Semcesen,D (2449)-Ask,J (2205) Stockholm 2011}) 10... f4 11. gxf4 exf4 12. Bxf4 {[#]} Nxe4 $1 13. Bh2 (13. Nd5 Nf6) 13... Ng5 14. Nxg5 Bxg5 15. Nd5 Nd4 16. f4 (16. c5 $142) 16... Bh4 $17 17. Kh1 Nf5 {Prevents Ne3.} 18. Qb3 (18. Qd2 $17 {might work better.}) 18... a4 $19 19. Qb4 c6 20. Nc3 Ne3 21. Ne4 Be7 (21... Nxf1 22. Rxf1 Be7 23. Qc3) ({Not} 21... Nxf1 $2 22. Rxf1 Be7 23. Qc3 $19) 22. c5 (22. Qd2 Nxf1 23. Rxf1) (22. Qd2 {was worth a try.} Nxf1 23. Rxf1) 22... dxc5 (22... Nxf1 23. cxd6 Bxd6 24. Nxd6) ({But not} 22... Nxf1 $2 23. cxd6 Bxd6 24. Nxd6 $19) 23. Qc3 Nxf1 24. Rxf1 Be6 25. Nxc5 Bxc5 26. Qxc5 Qxd3 27. Qe7 Rae8 28. Qxb7 Bd5 29. Rg1 Bxg2+ 30. Rxg2 Re1+ 31. Bg1 Qxh3+ 32. Rh2 Qf3+ 33. Rg2 g6 34. Qb4 Re4 (34... Qh5+ $142 35. Rh2 Qd5+ 36. Rg2 Re2 37. Bf2 Rxf2 38. Qc4 Qxc4 39. Rxf2 Rxf4 40. Rxf4 Qxf4 41. Kg2 g5 42. Kg1 g4 43. b3 Qf3 44. Kh2 Qf2+ 45. Kh1 g3 46. bxa4 Qh2#) 35. Qd6 Rexf4 (35... Re2 $142 36. Bf2 Rxf2 37. Qe6+ Rf7 38. Qg4 Qe4 39. f5 Rf4 40. Qe2 Rh4+ 41. Kg1 Qb1+ 42. Kf2 Qxf5+ 43. Ke1 Qb1+ 44. Qd1 Rh1+ 45. Kd2 Rxd1+ 46. Kc3 Qd3+ 47. Kb4 Rf4+ 48. Kc5 Qb5#) 36. Qe6+ R8f7 37. Qe8+ Kg7 {( -> ...Rh4+)} 38. Qe5+ Kh6 $2 (38... R4f6 $19 39. Bd4 Kg8) 39. Be3 $2 (39. Qg5+ $11 {and White is okay.} Kg7 40. Qe5+ Kg8 41. Qe8+ Rf8 42. Qe6+ R8f7 43. Qe8+) 39... Qf1+ 40. Kh2 {[#]} R7f5 $1 41. Bxf4+ Qxf4+ ({Avoid the trap} 41... Rxf4 $2 42. Qg5+ Kg7 43. Qe5+ Rf6 44. Qe7+ Rf7 45. Qe5+ Qf6 46. Qxf6+ Rxf6 47. Kg3 $19) 42. Qxf4+ Rxf4 {[%mdl 4096] Endgame KR-KR} 43. Rc2 Rb4 44. b3 (44. Kh3 $19 Kg7 45. a3) 44... axb3 45. axb3 Rb6 (45... Rxb3 $142 46. Rxc6 Kh5) 46. Rc5 g5 47. b4 Kg6 {And now ...h5 would win.} 48. Kg3 h5 {[%cal Bh7h5,Bh5h4][%mdl 32] White must now prevent ...h4+.} 49. Rc4 Kf6 50. Rc5 Ra6 (50... h4+ $142 51. Kh3 Kg6) 51. b5 cxb5 (51... Ra3+ $142 52. Kh2 cxb5 53. Rc6+ Kf5 54. Rc5+ Kf6 55. Rc6+ Kf7 56. Rc7+ Kg6 57. Rc6+ Kf7 58. Rc7+ Kg6 59. Rc6+ Kf7) 52. Rxb5 Ra3+ 53. Kg2 h4 54. Kh2 Re3 55. Kg2 Re5 56. Rb4 Kf5 57. Kf3 Ra5 58. Rc4 g4+ 59. Kf2 Kg5 60. Kg2 Re5 61. Kf2 Kf5 62. Rc8 g3+ 63. Kf3 Ke6 (63... Kf6 $142 64. Rc2 Kg5) 64. Re8+ Kd5 (64... Kf6 $142 65. Rh8 Rf5+ 66. Kg2 Rf2+ 67. Kg1 Rh2) 65. Rd8+ Kc4 $2 ({Black should play} 65... Kc5 $19 {Strongly threatening ...Rf5+.} 66. Rd1 Rd5 67. Rc1+ Kd6) 66. Rh8 $11 Rf5+ 67. Kg4 $2 (67. Ke3 $11) 67... g2 68. Kxf5 g1=Q 69. Rxh4+ {KQ-KR} Kd5 70. Rf4 Qe3 71. Kg4 Ke5 72. Rf5+ Ke4 73. Rg5 Qf3+ 74. Kh4 Kf4 $2 (74... Qh1+ {mates} 75. Kg3 Qg1+ 76. Kh4 Qh2+ 77. Kg4 Qh6 78. Rb5 Qe6+ 79. Kg5 Qe7+ 80. Kh6 Kf4 81. Rb6 Kf5 82. Rb1 Qe3+ 83. Kg7 Qd4+ 84. Kf7 Kg4 85. Kg8 Qd5+ 86. Kh8 Qd8+ 87. Kg7 Qg5+ 88. Kh8 Qh6+ 89. Kg8 Qg6+ 90. Kf8 Qxb1 91. Ke7 Kf5 92. Kd7 Qb5+ 93. Kd6 Kf6 94. Kc7 Ke6 95. Kc8 Kd6 96. Kd8 Qd7#) 75. Rf5+ $1 Kxf5 {Weighted Error Value: White=0.81/Black=0.48} 1/2-1/2

[Event "DSOL-KO 2022"]
[Site "Germany"]
[Date "2022.05.10"]
[Round "2"]
[White "Schuck, Nils"]
[Black "Pawel, Georg"]
[Result "0-1"]
[ECO "D20"]
[WhiteElo "1988"]
[BlackElo "1615"]
[Annotator "TA"]
[PlyCount "55"]
[EventDate "2022.01.31"]
[EventType "team-tourn"]
[EventCountry "GER"]
[SourceTitle "playchess.com"]
[Source "ChessBase"]
[SourceQuality "1"]
[WhiteTeam "SF Ochtendung I"]
[BlackTeam "SV Lurup Hamburg II"]
[TimeControl "2700+15"]

1. d4 d5 2. c4 dxc4 3. e4 Bd7 4. Bxc4 b5 5. Bb3 {[#]} a5 $146 ({Predecessor:} 5... Bc6 6. d5 Bb7 7. Nc3 b4 8. Ba4+ Nd7 9. Nce2 Ngf6 10. Ng3 g6 11. Nf3 Bg7 {1-0 (23) Wippel,H-Heric,K Graz 2010}) 6. e5 {Against Nf6. D20: Queen's Gambit Accepted: 3 e3 and 3 e4.} ({Better is} 6. a3 $16) 6... a4 $14 7. Bc2 Bc6 8. Nf3 {[%cal Oe5e6] e6! is the strong threat. White is better.} (8. e6 {is more complex.} Bxg2 9. exf7+ Kxf7 10. Nf3) 8... e6 9. O-O Ne7 10. Nc3 Nd5 11. Bd3 (11. Ng5 {keeps more tension.} Be7 12. Qg4 a3 13. Nce4) 11... Nxc3 12. bxc3 Nd7 13. Rb1 Rb8 14. Bd2 Be7 15. Qe2 O-O 16. Bxb5 (16. Rfd1 {looks sharper.} Rb6 17. Be3 Qa8 18. d5) 16... Bxb5 17. Rxb5 Rxb5 18. Qxb5 Nb6 19. Rb1 Qd5 (19... Qa8 $16 20. Qe2 Qc6) 20. Qxd5 $18 Nxd5 (20... exd5 $16 21. g3 h6) 21. Rb7 {Threatens to win with c4.} Rc8 22. Ng5 $2 {[#]} (22. Kf1 $18) 22... h6 $2 (22... Bxg5 $11 23. Bxg5 Nxc3) 23. Ne4 Nb6 24. Kf1 Nc4 25. Rxc7 $4 Rxc7 {Black is clearly winning.} 26. Ke2 Nxd2 27. Kxd2 Rb7 28. Kd3 {Quite a comeback for Black.  Weighted Error Value: White=0.63/Black=0.27 (precise)} 0-1

[Event "DSOL-KO 2022"]
[Site "Germany"]
[Date "2022.05.10"]
[Round "2"]
[White "Palme, Holger"]
[Black "Rewerts, Ingo"]
[Result "1/2-1/2"]
[ECO "B01"]
[WhiteElo "1978"]
[BlackElo "1840"]
[Annotator "TA"]
[PlyCount "59"]
[EventDate "2022.01.31"]
[EventType "team-tourn"]
[EventCountry "GER"]
[SourceTitle "playchess.com"]
[Source "ChessBase"]
[SourceQuality "1"]
[WhiteTeam "Lok Raw Cottbus"]
[BlackTeam "SV Horrem"]
[TimeControl "2700+15"]

1. Nf3 d5 2. e4 Bg4 3. exd5 Qxd5 4. Be2 c6 5. d4 e6 6. O-O {[#] B01: Scandinavian Defence.} Bxf3 $146 ({Predecessor:} 6... Nf6 7. c4 Qd8 8. Nc3 Be7 9. Be3 O-O 10. h3 Bxf3 11. Bxf3 Nbd7 12. Re1 Re8 {½-½ (60) Chadaev,N (2486)-Belikov,V (2564) Sochi 2007}) 7. Bxf3 ({Reject} 7. gxf3 $6 Bd6 $11) 7... Qd8 8. c4 {White is better.} Nf6 {Inhibits d5.} 9. Bg5 Be7 10. Nc3 O-O 11. Qb3 Qb6 12. Rfd1 Nbd7 13. Qc2 Rfe8 14. a3 Qa5 15. Bf4 e5 {[#]} ({Black should play} 15... Rac8 $14) 16. b4 $1 $16 Qc7 {[#]} 17. Bg3 {White is more active.} Rac8 (17... a5 $16 {was worth a try.}) 18. dxe5 (18. Rd2 $18) 18... Nxe5 $14 19. Qf5 Bd6 20. Be4 (20. Be2 $11) 20... Nxc4 $17 21. Bd3 Bxg3 22. hxg3 Nd6 {Pair of Knights!} 23. Qf3 Rcd8 24. Rac1 Qd7 (24... Re5 $17 25. Qf4 Rde8) 25. Rd2 Qe7 {[%cal Od6c4] Strongly threatening ...Nc4!} 26. Re2 Qc7 27. Rec2 Qe7 28. Re2 Qc7 29. Rec2 $1 Qe7 30. Re2 {Weighted Error Value: White=0.25 (precise) /Black=0.29 (precise)} 1/2-1/2

[Event "DSOL-KO 2022"]
[Site "Germany"]
[Date "2022.05.11"]
[Round "2"]
[White "Spieker, Hans-Joachim"]
[Black "Malchereck, Zion"]
[Result "0-1"]
[ECO "A30"]
[WhiteElo "1964"]
[BlackElo "1903"]
[Annotator "TA"]
[PlyCount "94"]
[EventDate "2022.01.31"]
[EventType "team-tourn"]
[EventCountry "GER"]
[SourceTitle "playchess.com"]
[Source "ChessBase"]
[SourceQuality "1"]
[TimeControl "2700+15"]

1. Nf3 c5 2. c4 Nc6 3. g3 g6 4. Bg2 Bg7 5. O-O Nf6 6. d3 {A30: Symmetrical English: Double Fianchetto and Hedgehog.} O-O 7. a3 e6 8. Nbd2 {[%cal Ob2b4] The position is equal.} d5 9. cxd5 (9. b4 {with more complications.} cxb4 10. axb4 Ne4 11. Ba3) 9... exd5 10. d4 {[#]} (10. Qc2 $11) 10... cxd4 $146 {Black is more active.} ({But not} 10... Nxd4 11. Nxd4 cxd4 12. Nb3 $11) (10... c4 $17) ({Predecessor:} 10... c4 11. e3 Bg4 12. Qc2 Bxf3 13. Nxf3 b5 14. Bd2 a5 15. b3 Rc8 16. bxc4 bxc4 {1-0 (52) Spieker,H (1829)-Braeutigam,K (1696) Playchess.com INT 2020}) 11. Nb3 $11 d3 12. Qxd3 Bf5 13. Qd1 Rc8 14. Nbd4 Be4 (14... Bg4 $11) 15. e3 (15. Bh3 $1 $14) 15... Nxd4 16. Qxd4 b6 17. Qa4 a5 18. Nd4 Bxg2 19. Kxg2 Rc4 (19... Ne4 $15) 20. Qd1 Ne4 21. b3 {Against a4} Bxd4 22. exd4 Rc6 23. Bh6 Re8 24. Rc1 Ree6 25. Rxc6 Rxc6 26. f3 Nd6 {White should prevent ...g5.} 27. Qd2 {Inhibits g5.} (27. Qd3 $11) 27... Qc8 ({Better is} 27... Nf5 $15) 28. Rc1 Nf5 29. Rxc6 Qxc6 {[%mdl 4096] Endgame KQB-KQN} 30. Be3 {[#]} (30. Bf4 $11 {remains equal.}) 30... Qb5 ({Black should try} 30... Qc2 $1 $17 31. Bg5 Qxb3) 31. g4 Nxe3+ 32. Qxe3 {KQ-KQ} Qc6 33. h4 Qd6 34. Qe8+ Kg7 35. Qe5+ $2 (35. g5 $11) 35... Qxe5 $19 36. dxe5 {KP-KP} Kf8 $4 (36... f6 $19 37. f4 fxe5 38. fxe5 Kf7) 37. f4 $2 (37. Kf2 $18 Ke7 38. Ke3) 37... Ke7 $11 38. Kf3 {[#] Ke3 is the strong threat.} Ke6 39. Ke3 {Threatens to win with Kd4.} h5 40. gxh5 gxh5 41. a4 $2 (41. Kd4 $11) 41... Kf5 $19 {Black is clearly winning.} 42. Kd4 Kxf4 43. Kxd5 Kf5 44. Kd4 Kg4 45. Ke4 Kxh4 46. Kf5 Kg3 47. Kf6 Kf4 {Weighted Error Value: White=0.69/Black=0.18 (very precise)} 0-1